 Dungeon Crawl Stone Soup version 0.27-a0-1154-gfdeffcb (webtiles) character file.

Game seed: 8969132110710399056

58 Meow the Stinger (level 4, 34/36 HPs)
             Began as a Naga Venom Mage on May 14, 2021.
             Quit the game on level 2 of the Dungeon.
             The game lasted 00:04:33 (1096 turns).

Meow the Stinger (Naga Venom Mage)                  Turns: 1096, Time: 00:04:33

Health: 34/36      AC:  2    Str: 11    XL:     4   Next: 1%
Magic:  3/8        EV:  9    Int: 16    God:
Gold:   39         SH:  0    Dex: 11    Spells: 5/9 levels left

rFire    . . .     SeeInvis +   a - +0 longbow
rCold    . . .     Faith    .   (shield currently unavailable)
rNeg     . . .     Spirit   .   c - +0 robe
rPois    +         Reflect  .   (no helmet)
rElec    .         Harm     .   (no cloak)
rCorr    .         Rampage  .   (no gloves)
Will     .....                  (no barding)
Stlth    ++........             (no amulet)
HPRegen  0.12/turn              (no ring)
MPRegen  0.11/turn              (no ring)

@: very slow
A: AC +1, large, see invisible, deformed body, poison resistance, slowness 2,
spit poison 1, naga tail 1
a: Spit Poison


You were on level 2 of the Dungeon.
You visited 1 branch of the dungeon, and saw 2 of its levels.

You collected 39 gold pieces.

Inventory:

Hand Weapons
 a - a +0 longbow (weapon)
 b - a +0 short sword
Missiles
 d - 51 stones
 e - 84 arrows (quivered ammo)
Armour
 c - a +0 robe (worn)
 j - a +0 kite shield
Scrolls
 g - a scroll of fear {unknown}
 i - a scroll of magic mapping {unknown}
 l - a scroll of noise {unknown}
Potions
 f - a potion of curing {unknown}
 h - 2 potions of brilliance {unknown}
 k - a potion of heal wounds {unknown}


   Skills:
 - Level 1.5 Dodging
 - Level 3.0 Stealth
 + Level 3.0 Spellcasting
 - Level 1.0 Transmutations
 + Level 5.3 Poison Magic


You had 5 spell levels left.
You knew the following spells:

 Your Spells              Type           Power      Damage    Failure   Level
a - Sting                 Tmut/Pois      48%        1d5       4%          1
c - Mephitic Cloud        Conj/Pois/Air  8%         N/A       26%         3

Your spell library contained the following spells:

 Spells                   Type           Power      Damage    Failure   Level
 Poisonous Vapours        Pois/Air       20%        N/A       10%         2
 Olgreb's Toxic Radiance  Pois           19%        N/A       21%         4
 Ignite Poison            Fire/Tmut/Pois 9%         N/A       24%         3


Dungeon Overview and Level Annotations

Branches:
Dungeon (2/15)

Altars:

Shops:
D:2 :


Innate Abilities, Weirdness & Mutations

Your serpentine skin is tough. (AC +1)
You have supernaturally acute eyesight. (SInv)
Armour fits poorly on your strangely shaped body.
Your system is resistant to poisons. (rPois)
You cover ground very slowly.
You can spit poison.
You have a snake-like lower body.


Message History

Aiming: Sting (safe; 5% risk of failure)
Press: ? - help, Shift-Dir - straight line, f - rat
Aim: a rat (71% to hit)
The sting misses the rat.
The rat bites you.
Casting: Sting (safe; 5% risk of failure)
Confirm with . or Enter, or press ? or * to list all spells.
Aiming: Sting (safe; 5% risk of failure)
Press: ? - help, Shift-Dir - straight line, f/p - rat
Aim: a rat (71% to hit)
The sting misses the rat.
You have got your breath back.
The rat barely misses you.
Press: ? - help, Shift-Dir - straight line, f/p - rat
Aim: a rat The splash of poison misses the rat.
The rat bites you.
Unknown command.
Casting: Sting (safe; 5% risk of failure)
Confirm with . or Enter, or press ? or * to list all spells.
Aiming: Sting (safe; 5% risk of failure)
Press: ? - help, Shift-Dir - straight line, f/p - rat
Aim: a rat (71% to hit)
The sting hits the rat.
The rat is poisoned.
You kill the rat!
Casting: Sting (safe; 4% risk of failure)
Confirm with . or Enter, or press ? or * to list all spells.
Aiming: Sting (safe; 4% risk of failure)
Press: ? - help, Shift-Dir - straight line, f - endoplasm
Aim: an endoplasm (98% to hit)
The sting hits the endoplasm.
The endoplasm partially resists.
The endoplasm is lightly wounded.
The endoplasm closely misses you.
Fire: 85 arrows
Press: ? - help, Q - select action, (/) - cycle Shift-Dir - straight line, f/p - endoplasm
Aim: an endoplasm (lightly wounded, 83% to hit)
You shoot an arrow. The arrow hits the endoplasm!
You kill the endoplasm!
You have got your breath back.
You have reached level 4!
You feel stronger.
Are you sure you want to abandon this character and quit the game? (Confirm with "yes".)

### ######## #..
#......# #..
#......# #..
#..[...#...#######..
#...(....?..........
###(# ########.
#..@# #.
#...################
#..>................
##....#######..#####
#....# ####'###..
##....# #.........
#.....# #.........
#.#'#.# #.........
#.'∩+.# #.........


There were no monsters in sight!

Vanquished Creatures
  A worm (D:2)
  2 dart slugs
  2 ball pythons (D:2)
  5 bats (D:1)
  9 endoplasms
  4 giant cockroaches
  3 goblins (D:1)
  6 hobgoblins
  2 kobolds (D:1)
  3 quokkas
  2 frilled lizards (D:1)
  5 rats
44 creatures vanquished.

Notes
Turn   | Place    | Note
-------+----------+-------------------------------------------
     0 | D:1      | Meow the Naga Venom Mage began the quest for the Orb.
     0 | D:1      | Reached XP level 1. HP: 15/15 MP: 3/3
    48 | D:1      | Found a faded altar of an unknown god.
   157 | D:1      | Reached XP level 2. HP: 22/22 MP: 5/5
   530 | D:1      | Reached XP level 3. HP: 28/28 MP: 6/6
   538 | D:1      | Learned a level 3 spell: Mephitic Cloud
   724 | D:1      | Reached skill level 5 in Poison Magic
  1072 | D:2      | Found Kerebeopt's Book Boutique.
  1096 | D:2      | Reached XP level 4. HP: 34/36 MP: 3/8
  1096 | D:2      | Quit the game

Illustrated notes

Levels and vault maps discovered:
D:1:      minmay_arrival_doors, layout_basic,
          hellmonk_ecumenical_altar_slurped_away, minmay_misc_feat_more_columns,
          grunt_decor_mini_mirrors
D:2:      layout_basic, serial_shops, nicolae_shop_behind_doors

Skill      XL: |  1  2  3 |
---------------+----------+-----
Poison Magic   | 5 |  5.3
Spellcasting   | 3 |  3.0
Dodging        | |  1.5
Stealth        | |  3.0
Transmutations | |  1.0

Action                   |  1- 3 |  4- 6 || total
-------------------------+-------+-------++-------
Melee: Short sword       |     5 |       ||     5
 Fire: Longbow           |    16 |       ||    16
 Cast: Sting             |    36 |       ||    36
 Abil: Spit Poison       |    37 |       ||    37
Armor: Robe              |     8 |       ||     8
Dodge: Dodged            |    20 |       ||    20

Table legend: (Time is in decaauts)
 A = Elapsed time spent in this place.
 B = Non-inter-level travel time spent in this place.
 C = Inter-level travel time spent in this place.
 D = Time resting spent in this place.
 E = Time spent auto-exploring this place.
 F = Levels seen in this place.
 G = Mean time per level.
                   A        B        C        D        E       F      G
               +--------+--------+--------+--------+--------+-----+--------+
         Total |   1391 |   1377 |     14 |    219 |    860 |   2 |  695.5 |
       Dungeon |   1391 |   1377 |     14 |    219 |    860 |   2 |  695.5 |
               +--------+--------+--------+--------+--------+-----+--------+

Top non-repeatable levels by time:
     D:1: 1115 daAuts
     D:2: 276 daAuts
